 Dungeon Sprint DCSS version 0.27-a0-597-g524d869a0f (webtiles) character file.

Game seed: 22418426488537932

1587 hellse the Blocker (level 8, -5/72 HPs)
             Began as a Gnoll Fighter on Mar 12, 2021.
             Was a High Priest of Okawaru.
             Slain by a guardian serpent (shapeshifter) (18 damage)
             ... in the Dungeon (Sprint IX: "|||||||||||||||||||||||||||||").
             The game lasted 00:01:18 (707 turns).

hellse the Blocker (Gnoll Fighter)                   Turns: 707, Time: 00:01:19

Health: -5/72      AC: 15    Str: 17    XL:     8   Next: 92%
Magic:  7/18       EV: 10    Int:  9    God:    Okawaru [*****.]
Gold:   0          SH: 11    Dex: 11    Spells: 21/21 levels left

rFire    . . .     SeeInvis .   p - +3 war axe (freeze)
rCold    . . .     Faith    .   c - +0 kite shield
rNeg     . . .     Spirit   .   r - +1 chain mail
rPois    .         Reflect  .   (no helmet)
rElec    .         Harm     .   q - +0 cloak
rCorr    .         Rampage  .   (no gloves)
Will     .....     NoTele   +   (no boots)
Stlth    ..........             (no amulet)
HPRegen  0.22/turn              s - +2 ring of protection
MPRegen  0.16/turn              t - +2 ring of evasion

@: no status effects
A: fangs 1, strong nose, distributed training
a: Renounce Religion, Heroism, Finesse


You were in the Dungeon.
You worshipped Okawaru.
Okawaru was extremely pleased with you.
You visited 1 branch

Inventory:

Hand Weapons
 a - a +0 long sword
 i - a +0 shortbow
 n - a +2 antimagic rapier
 o - a +2 scimitar of holy wrath
 p - a +3 war axe of freezing (weapon)
Missiles
 u - 21 arrows
Armour
 b - a +0 scale mail
 c - a +0 kite shield (worn)
 q - a +0 cloak (worn)
 r - a +1 chain mail (worn)
Jewellery
 s - a +2 ring of protection (right hand)
 t - a +2 ring of evasion (left hand)
Wands
 m - a wand of iceblast (10)
Scrolls
 j - 2 scrolls of blinking
 l - 2 scrolls of amnesia
Potions
 d - a potion of might
 e - 5 potions of curing
 f - 3 potions of heal wounds
 g - a potion of haste
 h - 4 potions of magic
 k - a potion of invisibility


   Skills:
 + Level 9.6 Fighting
 + Level 7.0 Short Blades
 + Level 8.4 Long Blades
 + Level 7.0 Axes
 + Level 7.0 Maces & Flails
 + Level 7.0 Polearms
 + Level 7.0 Staves
 + Level 7.0 Slings
 + Level 7.0 Bows
 + Level 7.0 Crossbows
 + Level 7.0 Throwing
 + Level 9.6 Armour
 + Level 7.0 Dodging
 + Level 7.0 Stealth
 + Level 9.6 Shields
 + Level 7.0 Unarmed Combat
 + Level 7.0 Spellcasting
 + Level 5.8 Conjurations
 + Level 5.8 Hexes
 + Level 5.8 Summonings
 + Level 5.8 Necromancy
 + Level 5.8 Translocations
 + Level 5.8 Transmutations
 + Level 5.8 Fire Magic
 + Level 5.8 Ice Magic
 + Level 5.8 Air Magic
 + Level 5.8 Earth Magic
 + Level 5.8 Poison Magic
 + Level 7.7 Invocations
 + Level 7.0 Evocations


You had 21 spell levels left.
You didn't know any spells.
Your spell library was empty.

Dungeon Overview and Level Annotations

Branches:
Dungeon (1/1)

Altars:
Cheibriados
Dithmenos
Elyvilon
Fedhas
Gozag
Hepliaklqana
Kikubaaqudgha
Makhleb
Nemelex Xobeh
Okawaru
Qazlal
Ru
Sif Muna
Trog
Uskayaw
Vehumet
Wu Jian
Xom
Yredelemnul
Zin
The Shining One
Beogh
Jiyva
Lugonu


Innate Abilities, Weirdness & Mutations

You have very sharp teeth.
Your uncanny sense of smell can sniff out nearby items.
Your experience applies equally to all skills.


Message History

Your Bows skill increases to level 7!
Your Crossbows skill increases to level 7!
Your Throwing skill increases to level 7!
Your Dodging skill increases to level 7!
Your Stealth skill increases to level 7!
Your Unarmed Combat skill increases to level 7!
Your Spellcasting skill increases to level 7!
Your Evocations skill increases to level 7!
Unknown command.
Unknown command.
Unknown command.
You closely miss the guardian serpent.
You block the guardian serpent's attack.
The guardian serpent hits you!
You completely miss the guardian serpent.
The guardian serpent hits you but does no damage.
You slash the guardian serpent! You freeze the guardian serpent.
The guardian serpent is moderately wounded.
The guardian serpent closely misses you.
You block the guardian serpent's attack.
You hit the guardian serpent. You freeze the guardian serpent.
You bite the guardian serpent, but do no damage.
The guardian serpent is heavily wounded.
The guardian serpent barely misses you. The guardian serpent hits you.
You closely miss the guardian serpent.
The guardian serpent is heavily wounded.
The guardian serpent hits you!
* * * LOW HITPOINT WARNING * * *
You block the guardian serpent's attack.
You hit the guardian serpent but do no damage.
Your bite misses the guardian serpent.
The guardian serpent is heavily wounded.
The guardian serpent hits you.
* * * LOW HITPOINT WARNING * * *
The guardian serpent hits you but does no damage.
You hit the guardian serpent. You freeze the guardian serpent.
You bite the guardian serpent.
The guardian serpent is heavily wounded.
The guardian serpent hits you!!
You die...

▓▓▓▓▓▓▓▓▓▓▓▓▓▓▓▓▓▓▓▓▓▓▓▓
'..)..[...))....@Su.....
▓▓▓▓▓▓▓▓▓▓▓▓▓▓▓▓▓▓▓▓▓▓▓▓
∆∆∆∆ ∆ ∆∆∆∆


You could see a red ugly thing and a guardian serpent shaped shifter.

Vanquished Creatures
  2 two-headed ogres (D)
  A necrophage (D)
  A centaur (D)
  A killer bee (D)
  A jelly (D)
  A worker ant (D)
  A shadow imp (D)
  An ufetubus (D)
  2 adder zombies (D)
  A leopard gecko (D)
  2 orcs (D)
  A bat zombie (D)
  A giant cockroach (D)
  3 kobolds (D)
  A frilled lizard (D)
20 creatures vanquished.

Notes
Turn   | Place    | Note
-------+----------+-------------------------------------------
     0 | D        | hellse the Gnoll Fighter began the quest for the Orb.
     0 | D        | Reached XP level 1. HP: 23/23 MP: 1/1
   114 | D        | Reached skill level 1 in Invocations
   115 | D        | Reached skill level 1 in Short Blades
   115 | D        | Reached skill level 1 in Axes
   115 | D        | Reached skill level 1 in Maces & Flails
   115 | D        | Reached skill level 1 in Polearms
   115 | D        | Reached skill level 1 in Staves
   115 | D        | Reached skill level 1 in Slings
   115 | D        | Reached skill level 1 in Bows
   115 | D        | Reached skill level 1 in Crossbows
   115 | D        | Reached skill level 1 in Throwing
   115 | D        | Reached skill level 1 in Dodging
   115 | D        | Reached skill level 1 in Stealth
   115 | D        | Reached skill level 1 in Unarmed Combat
   115 | D        | Reached skill level 1 in Spellcasting
   115 | D        | Reached skill level 1 in Evocations
   131 | D        | Noticed a worker ant
   137 | D        | Killed a worker ant
   138 | D        | Reached skill level 1 in Conjurations
   138 | D        | Reached skill level 1 in Hexes
   138 | D        | Reached skill level 1 in Summonings
   138 | D        | Reached skill level 1 in Necromancy
   138 | D        | Reached skill level 1 in Translocations
   138 | D        | Reached skill level 1 in Transmutations
   138 | D        | Reached skill level 1 in Fire Magic
   138 | D        | Reached skill level 1 in Ice Magic
   138 | D        | Reached skill level 1 in Air Magic
   138 | D        | Reached skill level 1 in Earth Magic
   138 | D        | Reached skill level 1 in Poison Magic
   138 | D        | Reached XP level 2. HP: 12/29 MP: 2/4
   138 | D        | Reached XP level 3. HP: 15/35 MP: 2/5
   144 | D        | Reached skill level 5 in Long Blades
   160 | D        | Found a snail-covered altar of Cheibriados.
   160 | D        | Found a shadowy altar of Dithmenos.
   160 | D        | Found a white marble altar of Elyvilon.
   160 | D        | Found a blossoming altar of Fedhas.
   160 | D        | Found an opulent altar of Gozag.
   161 | D        | Found a hazy altar of Hepliaklqana.
   162 | D        | Found a viscous altar of Jiyva.
   163 | D        | Found an ancient bone altar of Kikubaaqudgha.
   164 | D        | Found a corrupted altar of Lugonu.
   165 | D        | Found a burning altar of Makhleb.
   166 | D        | Found a sparkling altar of Nemelex Xobeh.
   167 | D        | Found an iron altar of Okawaru.
   168 | D        | Found a stormy altar of Qazlal.
   169 | D        | Found a sacrificial altar of Ru.
   170 | D        | Found a shimmering blue altar of Sif Muna.
   171 | D        | Found a bloodstained altar of Trog.
   172 | D        | Found a hide-covered altar of Uskayaw.
   173 | D        | Found a radiant altar of Vehumet.
   174 | D        | Found an ornate altar of the Wu Jian Council.
   175 | D        | Found a shimmering altar of Xom.
   176 | D        | Found a basalt altar of Yredelemnul.
   177 | D        | Found a glowing silver altar of Zin.
   178 | D        | Found a glowing golden altar of the Shining One.
   191 | D        | Became a worshipper of Warmaster Okawaru
   378 | D        | Noticed a two-headed ogre
   378 | D        | Noticed a two-headed ogre
   378 | D        | Noticed a centaur
   385 | D        | Killed a two-headed ogre
   385 | D        | Reached * piety under Okawaru
   385 | D        | Reached ** piety under Okawaru
   385 | D        | Reached *** piety under Okawaru
   386 | D        | Reached skill level 5 in Short Blades
   386 | D        | Reached skill level 5 in Axes
   386 | D        | Reached skill level 5 in Maces & Flails
   386 | D        | Reached skill level 5 in Polearms
   386 | D        | Reached skill level 5 in Staves
   386 | D        | Reached skill level 5 in Slings
   386 | D        | Reached skill level 5 in Bows
   386 | D        | Reached skill level 5 in Crossbows
   386 | D        | Reached skill level 5 in Throwing
   386 | D        | Reached skill level 5 in Dodging
   386 | D        | Reached skill level 5 in Stealth
   386 | D        | Reached skill level 5 in Unarmed Combat
   386 | D        | Reached skill level 5 in Spellcasting
   386 | D        | Reached skill level 5 in Evocations
   386 | D        | Reached XP level 4. HP: 7/45 MP: 6/11
   386 | D        | Reached XP level 5. HP: 8/51 MP: 7/13
   386 | D        | Reached XP level 6. HP: 10/57 MP: 7/14
   386 | D        | Reached XP level 7. HP: 11/63 MP: 7/15
   388 | D        | Killed a two-headed ogre
   388 | D        | Reached **** piety under Okawaru
   389 | D        | Reached skill level 5 in Conjurations
   389 | D        | Reached skill level 5 in Hexes
   389 | D        | Reached skill level 5 in Summonings
   389 | D        | Reached skill level 5 in Necromancy
   389 | D        | Reached skill level 5 in Translocations
   389 | D        | Reached skill level 5 in Transmutations
   389 | D        | Reached skill level 5 in Fire Magic
   389 | D        | Reached skill level 5 in Ice Magic
   389 | D        | Reached skill level 5 in Air Magic
   389 | D        | Reached skill level 5 in Earth Magic
   389 | D        | Reached skill level 5 in Poison Magic
   389 | D        | Reached XP level 8. HP: 13/71 MP: 7/18
   394 | D        | Reached ***** piety under Okawaru
   683 | D        | Noticed a red ugly thing
   691 | D        | Noticed a guardian serpent
   691 | D        | an eye of draining changed into a guardian serpent
   707 | D        | Slain by a guardian serpent (shapeshifter)

Illustrated notes

Levels and vault maps discovered:
D:        linesprint [early_d, line_temple, items_1, d_10, items_2, lair_1,
          lair_end, items_3, orc_1, orc_end, items_4, d_15, swamp_1, shoals_1,
          snake_1, spider_1, d_20, vaults_1, items_5, swamp_end, shoals_end,
          snake_end, spider_end, vaults_end, d_27, items_6, zot_1, zot_end,
          crypt_end, forest_end, elf_end, slime_end, tomb_end, abyss_end,
          pan_hell_end]

Skill      XL: |  1  2  3  4  5  6  7  8 |
---------------+-------------------------+-----
Invocations    | 2 6 7 |  7.7
Short Blades   | 1 5 6 7 |  7.0
Axes           | 1 5 6 7 |  7.0
Maces & Flails | 1 5 6 7 |  7.0
Polearms       | 1 5 6 7 |  7.0
Staves         | 1 5 6 7 |  7.0
Slings         | 1 5 6 7 |  7.0
Bows           | 1 5 6 7 |  7.0
Crossbows      | 1 5 6 7 |  7.0
Throwing       | 1 5 6 7 |  7.0
Dodging        | 1 5 6 7 |  7.0
Stealth        | 1 5 6 7 |  7.0
Unarmed Combat | 1 5 6 7 |  7.0
Spellcasting   | 1 5 6 7 |  7.0
Evocations     | 1 5 6 7 |  7.0
Conjurations   | 1 4 5 |  5.8
Hexes          | 1 4 5 |  5.8
Summonings     | 1 4 5 |  5.8
Necromancy     | 1 4 5 |  5.8
Translocations | 1 4 5 |  5.8
Transmutations | 1 4 5 |  5.8
Fire Magic     | 1 4 5 |  5.8
Ice Magic      | 1 4 5 |  5.8
Air Magic      | 1 4 5 |  5.8
Earth Magic    | 1 4 5 |  5.8
Poison Magic   | 1 4 5 |  5.8
Long Blades    | 7 8 |  8.4
Fighting       | 8 9 |  9.6
Armour         | 8 9 |  9.6
Shields        | 8 9 |  9.6

Action                   |  1- 3 |  4- 6 |  7- 9 || total
-------------------------+-------+-------+-------++-------
Melee: Long sword        |    33 |       |       ||    33
       War axe           |     6 |       |    35 ||    41
       Bite              |     2 |       |     7 ||     9
  Use: Potion            |     1 |       |       ||     1
Armor: Scale mail        |    13 |       |       ||    13
       Chain mail        |       |       |    21 ||    21
Dodge: Dodged            |     8 |       |    10 ||    18
Block: Kite shield       |    20 |       |    15 ||    35

Table legend: (Time is in decaauts)
 A = Elapsed time spent in this place.
 B = Non-inter-level travel time spent in this place.
 C = Inter-level travel time spent in this place.
 D = Time resting spent in this place.
 E = Time spent auto-exploring this place.
 F = Levels seen in this place.
 G = Mean time per level.
                   A        B        C        D        E       F      G
               +--------+--------+--------+--------+--------+-----+--------+
         Total |    737 |    737 |      0 |    534 |      0 |   1 |  737.0 |
       Dungeon |    737 |    737 |      0 |    534 |      0 |   1 |  737.0 |
               +--------+--------+--------+--------+--------+-----+--------+

Top non-repeatable levels by time:
       D: 737 daAuts
